 Dungeon Crawl Stone Soup version 0.31-a0-496-g6f97920a28 (webtiles) character file.

Game seed: 15819890123993867139

7469 spiderkeys the Protected (level 10, -10/94 HPs)
             Began as an Armataur Fighter on Aug 1, 2023.
             Was an Elder of Okawaru.
             Mangled by a spriggan defender simulacrum (16 damage)
             ... on level 2 of the Abyss on Aug 8, 2023.
             The game lasted 00:15:28 (10650 turns).

spiderkeys the Protected (Armataur Fighter)        Turns: 10650, Time: 00:15:29

Health: -10/94     AC: 10    Str: 25      XL:     10   Next: 94%
Magic:  13/13      EV:  7    Int:  6 (8)  God:    Okawaru [****..]
Gold:   580        SH: 15    Dex: 11      Spells: 9/9 levels left

rFire   . . .        O - +3 morningstar
rCold   . . .        j - +0 kite shield
rNeg    . . .        b - +0 scale mail
rPois   +            (helmet restricted)
rElec   .            l - +0 cloak
rCorr   +            (no gloves)
SInv    .            (no barding)
Will    .....        e - amulet of reflection Stlth
                     N - ring "Jimet" {rPois rCorr}
HPRegen 0.35/turn    (no ring)
MPRegen 0.13/turn

%: reflection, roll
@: invisible, unable to read
A: large, rugged brown scales 3, deformed body, armoured tail, roll, long
tongue, awkward tongue, fangs 1, hooves 1, horns 1, deterioration 1, inability
to read after injury 1
a: Renounce Religion, Heroism, Finesse


You were on level 2 of the Abyss.
You worshipped Okawaru.
Okawaru was greatly pleased with you.
You visited 2 branches of the dungeon, and saw 11 of its levels.
You visited the Abyss 1 time.

You collected 580 gold pieces.


Innate Abilities, Weirdness & Mutations

You are completely covered in rugged brown scales. (AC +3, +7% HP)
Armour fits poorly on your strangely shaped body.
You have a long armoured tail.
You roll when moving toward enemies. (Rampage)
Your long tongue fully drains potion bottles. (2x potion effects)
Your tongue gives you trouble enunciating. (1.5x scroll delay)
You have very sharp teeth.
You have large cloven feet.
You have a pair of small horns on your head.
Your body sometimes deteriorates upon taking damage.
You occasionally lose the ability to read scrolls when taking damage.


   Skills:
 + Level 7.9 Fighting
 + Level 6.1 Maces & Flails
 - Level 4.0 Polearms
 + Level 10.4 Armour
 + Level 8.7 Shields
 + Level 4.5 Invocations
 - Level 3.0 Evocations


You had 9 spell levels left.
You didn't know any spells.
Your spell library contained the following spells:

 Spells                   Type           Power      Damage    Failure   Level
 Slow                     Hex            0%         N/A       87%         1
 Confusing Touch          Hex            0%         N/A       99%         3
 Vampiric Draining        Necr           0%         2d6       99%         3
 Vhi's Electric Charge    Tloc/Air       0%         N/A       99%         3
 Arcjolt                  Conj/Air       0%         1d10      100%        5
 Plasma Beam              Fire/Air       0%         2x1d10    100%        6

Inventory:

Hand Weapons
 a - a +0 flail
 k - a +1 flail of holy wrath
   (You took it off an orc on level 4 of the Dungeon)
 r - the +4 spear of Raul {flame, +Blink Int+3 Dex+3}
   (You found it on level 5 of the Dungeon)

   Int:       It affects your intelligence (+3).
   Dex:       It affects your dexterity (+3).
   +Blink:    It lets you blink.
 y - the +2 falchion "Nedizi" {speed, rN+ Dex+6}
   (You found it on level 5 of the Dungeon)

   Dex:       It affects your dexterity (+6).
   rN:        It protects you from negative energy.
 H - a +4 dire flail
   (You took it off a wight on level 7 of the Dungeon)
 I - the +6 short sword of the Lusting Gods {flame, Will+++ rCorr Int-4 Stlth-}
   (You found it on level 7 of the Dungeon)

   Int:       It affects your intelligence (-4).
   rCorr:     It protects you from acid and corrosion.
   Will:      It greatly increases your willpower.
   Stlth:     It makes you less stealthy.
 O - a +3 morningstar (weapon)
   (You took it off a wight on level 10 of the Dungeon)
Missiles
 m - 9 boomerangs
 u - 81 stones
 v - 33 poisoned darts
 z - a curare-tipped dart {=f}
 E - 2 throwing nets {=f!f}
Armour
 b - a +0 scale mail (worn)
 c - a +0 buckler
 j - a +0 kite shield (worn)
   (You took it off a gnoll sergeant on level 7 of the Dungeon)
 l - a +0 cloak (worn)
   (You took it off Crazy Yiuf on level 2 of the Dungeon)
Magical Staves
 w - a staff of death {!a}
   (You found it on level 3 of the Dungeon)
Jewellery
 e - an amulet of reflection (around neck)
   (You found it on level 1 of the Dungeon)
 A - an amulet of the acrobat
   (You found it on level 3 of the Dungeon)
 F - a ring of fire
   (You found it on level 1 of the Dungeon)
 N - the ring "Jimet" (left hand) {rPois rCorr}
   (You found it on level 9 of the Dungeon)

   [ring of poison resistance]

   rPois:     It protects you from poison.
   rCorr:     It protects you from acid and corrosion.
Talismans
 x - a blade talisman
   (You found it on level 3 of the Dungeon)
Wands
 K - a wand of quicksilver (7)
   (You found it on level 7 of the Dungeon)
 L - a wand of iceblast (1)
   (You found it on level 8 of the Dungeon)
 M - a wand of charming (6)
   (You found it on level 8 of the Dungeon)
Scrolls
 h - 2 scrolls of teleportation {@r4}
 n - a scroll of identify {@r1}
 p - 3 scrolls of fear
 q - 2 scrolls of vulnerability {!r!r}
 s - 2 scrolls of revelation
 t - 4 scrolls of blinking {!r}
 D - 2 scrolls of fog
 P - a scroll of poison
Potions
 d - 3 potions of might
 f - a potion of mutation {!q}
 g - 2 potions of brilliance
 o - 2 potions of resistance
 B - a potion of haste {@q3}
 C - 2 potions of magic
 G - a potion of attraction {!q}

Dungeon Overview and Level Annotations

Branches:
Dungeon (10/15) Zot: 25672  Temple (1/1) D:7 Zot: 5960
   Lair: D:8-11         Orc: D:9-12

Altars:
Ashenzari
Cheibriados
Dithmenos
Elyvilon
Fedhas
Gozag
Hepliaklqana
Kikubaaqudgha
Makhleb
Nemelex Xobeh
Okawaru
Qazlal
Ru
Sif Muna
Trog
Uskayaw
Vehumet
Wu Jian
Xom
Yredelemnul
Zin
The Shining One

Shops:
D:4 :   D:5 [: D:6

( ... . .
.### #. .
###. .# .#
#..# .# #.
## #.##..#
#..#.###...
#
##....#.##
.#
#.##..Z.# .
. #..#@#..
### #
##...##.
#....## .##
#.......#.
##....#.#.#
.#.##..###
####. ## .
.. . ..


You could see a spriggan defender simulacrum (unable to see you).


Message History

You hear some strange, mumbled words.
You are cast into the Abyss!
This branch contains the abyssal rune of Zot.
A boulder beetle and a thrashing horror come into view.
Reactivating autopickup. 😮 HP[+1]
A thrashing horror comes into view.
The thrashing horror roars! 😮 HP[+1] Unknown command.
The thrashing horror tramples you!
You hold your ground!
The thrashing horror tramples you.
You hold your ground! 😮 HP[-7]
You take 7 damage, and now have 63/94 hp.
As you slowly read the scroll of teleportation {@r4}, it crumbles to dust.
You feel strangely unstable.
You feel the power of the Abyss delaying your translocation! 😮 HP[+1]
You fade into invisibility!
You slurp down every last drop of the potion of invisibility!
You hit the boulder beetle but do no damage.
You kick the boulder beetle, but do no damage.
You tail-slap the boulder beetle, but do no damage.
You block the boulder beetle's attack. 😮 HP[+1]
The thrashing horror closely misses you.
The thrashing horror tramples you.
You hold your ground!
The thrashing horror tramples you but does no damage.
You block the thrashing horror's attack. 😮 HP[-1]
You take 1 damage, and now have 64/94 hp.
The thrashing horror tramples you but does no damage.
You block the thrashing horror's attack. 😮 HP[+1]
You block the thrashing horror's attack.
The thrashing horror tramples you.
You hold your ground! 😮 HP[-5]
You take 5 damage, and now have 60/94 hp. 😮 HP[+1]
An iron imp comes into view.
Found a gateway leading deeper into the Abyss.
The iron imp shouts! 😮 HP[+1]
You are suddenly pulled into a different region of the Abyss! 😮 HP[+1] 😮 HP[+1] 😮 HP[+1] 😮 HP[+1] 😮 HP[+1] 😮 HP[+1] 😮 HP[+1] 😮 HP[+1] 😕 HP[+1] 😕 HP[+1] 😕 HP[+1] 😕 HP[+1] 😕 HP[+1] 😕 HP[+1]
A spriggan defender simulacrum comes into view. 😕 HP[+1] 😕 HP[+1]
You roll towards the spriggan defender simulacrum!
The spriggan defender simulacrum hits you.
The spriggan defender simulacrum freezes you! 😮 HP[-20]
You take 20 damage, and now have 58/94 hp.
MASSIVE DAMAGE!! (PAUSE)
You closely miss the spriggan defender simulacrum.
Your kick misses the spriggan defender simulacrum.
Your headbutt misses the spriggan defender simulacrum.
You block the spriggan defender simulacrum's attack.
The spriggan defender simulacrum hits you but does no damage. 😮 HP[+1]
You barely miss the spriggan defender simulacrum.
Your kick misses the spriggan defender simulacrum.
You block the spriggan defender simulacrum's attack.
You miss the spriggan defender simulacrum.
You kick the spriggan defender simulacrum, but do no damage.
Your bite misses the spriggan defender simulacrum.
You block the spriggan defender simulacrum's attack.
The spriggan defender simulacrum hits you!
* * * LOW HITPOINT WARNING * * *
The spriggan defender simulacrum freezes you!!!
* * * LOW HITPOINT WARNING * * *
😱 HP[-50]
You take 50 damage, and now have 9/94 hp.
MASSIVE DAMAGE!! (PAUSE)
You hit the spriggan defender simulacrum.
You block the spriggan defender simulacrum's attack. x2 😱 HP[+1]
You sock the spriggan defender simulacrum!
Your kick misses the spriggan defender simulacrum.
Your tail-slap misses the spriggan defender simulacrum.
You bite the spriggan defender simulacrum.
The spriggan defender simulacrum barely misses you.
The spriggan defender simulacrum hits you.
* * * LOW HITPOINT WARNING * * *
The spriggan defender simulacrum freezes you!
You feel threatened and lose the ability to read scrolls!
You die...

Skill      XL: |  1  2  3  4  5  6  7  8  9 10 |
---------------+-------------------------------+-----
Maces & Flails | 2 3 4 6 |  6.1
Fighting       | 3 4 5 6 7 |  7.9
Armour         | 4 5 6 7 9 10 | 10.4
Shields        | 4 5 6 7 8 |  8.7
Polearms       | 1 3 4 |  4.0
Evocations     | 1 3 |  3.0
Invocations    | 2 4 |  4.5

Action                     |  1- 3 |  4- 6 |  7- 9 | 10-12 || total
---------------------------+-------+-------+-------+-------++-------
  Melee: Flail             |   104 |   190 |     9 |       ||   303
         Tailslap          |    10 |    18 |    36 |    28 ||    92
         Kick              |       |     8 |    70 |    69 ||   147
         Headbutt          |       |     8 |    59 |    43 ||   110
         Bite              |       |     3 |    16 |    13 ||    32
         Spear             |       |       |   147 |       ||   147
         Dire flail        |       |       |   119 |    85 ||   204
         Morningstar       |       |       |       |   124 ||   124
  Evoke: Wand              |       |       |       |     4 ||     4
    Use: Scroll            |     8 |     2 |     3 |     1 ||    14
         Potion            |       |     7 |     4 |     2 ||    13
   Stab: Invisible         |       |       |     1 |       ||     1
 Armour: Scale mail        |    50 |    83 |    85 |   112 ||   330
         Skin              |       |    57 |       |       ||    57
  Dodge: Dodged            |    29 |    37 |   114 |    93 ||   273
  Block: Buckler           |    66 |    96 |    65 |       ||   227
         Reflection        |     2 |     1 |     4 |    14 ||    21
         Other             |       |       |    42 |    32 ||    74
         Kite shield       |       |       |       |   162 ||   162

Levels and vault maps discovered:
D:1:      ldierk_walled_garden_2, layout_loops_ring, minmay_small_reverse_x
D:2:      layout_loops_ring, ebering_ecumenical_altar_abandoned,
          grunt_ministairs_15, minmay_3d_cube, uniq_crazy_yiuf_cottage
D:3:      layout_loops_ring
D:4:      cheibrodos_old_hovel, layout_basic, nicolae_shop_self_help
D:5:      wad_crossroads, layout_basic, serial_shops, shop,
          nicolae_shop_tiny_statue_garden
D:6:      layout_rooms, amcnicky_altar_gilded, nicolae_stop_n_shop_2
D:7:      layout_gridville, gammafunk_temple_overflow_wave, temple_statues,
          minivault_1, nicolae_lava_and_water, reono_crystal_passage
D:8:      layout_cave_pools, grunt_ministairs_6, nicolae_figureground_pulse
D:9:      minmay_distorted_concentric_squares, layout_cave_pools, uniq_joseph
D:10:     layout_roguey, eino_small_chamber_without_monster
Temple:   hellmonk_temple_divided_pantheon
Abyss:2:  base: D:6, evilmike_abyss_exit_chaos, hangedman_stitches_earthworm,
          minivault_1, hangedman_abyss_overflow_altar

Notes
Turn   | Place    | Note
-------+----------+-------------------------------------------
     0 | D:1      | spiderkeys the Armataur Fighter began the quest for the
                  | Orb.
     0 | D:1      | Reached XP level 1. HP: 19/19 MP: 1/1
     0 | D:1      | magus.rc [v1.11.6]
   197 | D:1      | Reached skill level 2 in Maces & Flails
   311 | D:1      | Reached XP level 2. HP: 26/26 MP: 2/2
   503 | D:1      | Reached skill level 3 in Fighting
   752 | D:2      | Reached skill level 4 in Armour
   935 | D:2      | Reached XP level 3. HP: 33/33 MP: 3/3
  1202 | D:2      | Found a faded altar of an unknown god.
  1438 | D:2      | Found a runed translucent door.
  1439 | D:2      | Noticed Crazy Yiuf
  1627 | D:2      | Killed Crazy Yiuf
  1628 | D:2      | Reached skill level 4 in Shields
  1628 | D:2      | Reached XP level 4. HP: 28/40 MP: 4/4
  1947 | D:3      | Reached XP level 5. HP: 48/48 MP: 5/5
  2605 | D:4      | Reached skill level 3 in Maces & Flails
  2683 | D:4      | Gained mutation: You have very sharp teeth. [potion of
                  | mutation]
  2683 | D:4      | Gained mutation: You have a pair of small horns on your
                  | head. [potion of mutation]
  2683 | D:4      | Gained mutation: You occasionally lose the ability to read
                  | scrolls when taking damage. [potion of mutation]
  2683 | D:4      | Gained mutation: Your body sometimes deteriorates upon
                  | taking damage. [potion of mutation]
  2683 | D:4      | Gained mutation: You have large cloven feet. [potion of
                  | mutation]
  2709 | D:4      | Reached skill level 5 in Armour
  2817 | D:4      | Noticed a phantom
  2819 | D:4      | Found Loemeff's Self-Improvement Boutique.
  2822 | D:4      | Killed a phantom
  2823 | D:4      | Reached XP level 6. HP: 49/55 MP: 6/6
  2921 | D:4      | Reached skill level 4 in Fighting
  3050 | D:4      | Reached skill level 5 in Shields
  3186 | D:4      | HP: 8/55 [something/magic dart (6)]
  3741 | D:5      | Entered Level 5 of the Dungeon
  3747 | D:5      | Reached XP level 7. HP: 56/64 MP: 7/7
  3821 | D:5      | Upgraded the game from 0.31-a0-435-g2c6fae2916 to
                  | 0.31-a0-496-g6f97920a28
  3821 | D:5      | magus.rc [v1.11.6]
  3824 | D:5      | Reached skill level 4 in Maces & Flails
  3824 | D:5      | Reached skill level 6 in Armour
  3970 | D:5      | Identified the +4 spear of Raul {flame, +Blink Int+3 Dex+3}
  4031 | D:5      | Found Cuomme's Antique Armour Boutique.
  4046 | D:5      | Found Seosk's Book Shoppe.
  4201 | D:5      | Reached skill level 1 in Polearms
  4271 | D:5      | You add the spells Vhi's Electric Charge, Arcjolt and
                  | Plasma Beam to your library.
  4388 | D:5      | Reached skill level 6 in Shields
  4388 | D:5      | Reached XP level 8. HP: 39/71 MP: 8/8
  4526 | D:5      | Reached skill level 5 in Fighting
  4529 | D:5      | Identified the +2 falchion "Nedizi" {speed, rN+ Dex+6}
  4768 | D:6      | Found Gemamiqiu's Antique Weapon Shop.
  4924 | D:6      | Reached skill level 2 in Polearms
  5013 | D:6      | You add the spells Slow, Vampiric Draining and Confusing
                  | Touch to your library.
  5082 | D:6      | Reached skill level 7 in Armour
  5099 | D:6      | Found an ornate altar of the Wu Jian Council.
  5252 | D:6      | HP: 18/73 [poisoned by a water moccasin]
  5257 | D:6      | HP: 11/73 [poisoned by a water moccasin]
  5605 | D:6      | Reached skill level 3 in Polearms
  5605 | D:6      | Reached skill level 7 in Shields
  5892 | D:7      | Reached skill level 1 in Evocations
  5901 | D:7      | Reached XP level 9. HP: 76/80 MP: 9/9
  5919 | D:7      | Reached skill level 6 in Fighting
  5924 | D:7      | Reached skill level 8 in Armour
  6300 | D:7      | Identified the +6 short sword of the Lusting Gods {flame,
                  | Will+++ rCorr Int-4 Stlth-}
  6309 | D:7      | Found a staircase to the Ecumenical Temple.
  6318 | Temple   | Found a transporter.
  6318 | Temple   | Found a transporter.
  6318 | Temple   | Found a transporter.
  6318 | Temple   | Found a transporter.
  6318 | Temple   | Entered the Ecumenical Temple
  6339 | Temple   | Became a worshipper of Warmaster Okawaru
  6436 | D:7      | Found a radiant altar of Vehumet.
  6437 | D:7      | Found a white marble altar of Elyvilon.
  6440 | D:7      | Reached skill level 2 in Evocations
  7045 | D:7      | Reached * piety under Okawaru
  7049 | D:7      | Reached skill level 4 in Polearms
  7049 | D:7      | Reached skill level 3 in Evocations
  7254 | D:7      | HP: 19/83 [something (5)]
  7259 | D:7      | Reached skill level 8 in Shields
  7259 | D:7      | Reached skill level 1 in Invocations
  7507 | D:8      | HP: 19/83 [vampire mosquito (3)]
  7507 | D:8      | HP: 7/83 [vampire mosquito (10)]
  7780 | D:8      | Reached ** piety under Okawaru
  7781 | D:8      | Reached skill level 9 in Armour
  7909 | D:8      | Reached skill level 2 in Invocations
  7939 | D:8      | HP: 18/83 [vampire mosquito (10)]
  7942 | D:8      | HP: 8/83 [vampire mosquito (2)]
  7956 | D:8      | Reached XP level 10. HP: 86/89 MP: 11/11
  8024 | D:7      | Reached skill level 7 in Fighting
  9008 | D:8      | Reached skill level 5 in Maces & Flails
  9016 | D:8      | Reached skill level 3 in Invocations
  9284 | D:9      | Identified the ring "Jimet" {rPois rCorr}
  9292 | D:10     | Entered Level 10 of the Dungeon
  9371 | D:10     | Reached *** piety under Okawaru
  9661 | D:9      | Reached skill level 10 in Armour
  9662 | D:9      | HP: 23/92 [poisoned by a killer bee]
  9665 | D:9      | HP: 11/92 [killer bee (2)]
  9670 | D:9      | HP: 5/92 [killer bee (5)]
 10084 | D:9      | Reached skill level 4 in Invocations
 10271 | D:9      | Reached skill level 6 in Maces & Flails
 10277 | D:9      | HP: 23/94 [efreet/bolt of fire (19)]
 10278 | D:9      | HP: 10/94 [efreet/+3 scimitar of flaming (4)]
 10279 | D:9      | Reached **** piety under Okawaru
 10568 | D:9      | Noticed a wizard
 10579 | D:9      | You are cast into the Abyss!
 10579 | Abyss:2  | Noticed a boulder beetle
 10579 | Abyss:2  | Noticed a thrashing horror
 10579 | Abyss:2  | Cast into level 2 of the Abyss (a wizard)
 10582 | Abyss:2  | Noticed a thrashing horror
 10648 | Abyss:2  | HP: 9/94 [spriggan defender simulacrum (38)]
 10650 | Abyss:2  | Mangled by a spriggan defender simulacrum

Vanquished Creatures
  An efreet (D:9)
  A troll (D:9)
  13 yaks
  2 steam dragons
  A wyvern (D:7)
  A basilisk (shapeshifter) (D:9)
  4 vampire mosquitoes
  2 water moccasins (D:6)
  A sky beast (D:7)
  3 orc warriors
  An ice beast (D:6)
  2 black bears
  3 ogres
  A phantom (D:4)
  6 centaurs
  A kobold brigand (D:8)
  4 bullfrogs
  4 gnoll sergeants
  3 scorpions
  8 wights
  6 killer bees
  A howler monkey (D:4)
  2 hounds
  2 jellies
  2 gnoll boudas
  2 orc priests
  Crazy Yiuf (D:2)
  2 iguanas
  3 sleepcaps
  8 orc wizards
  25 gnolls
  8 adders
  A white imp (D:6)
  4 ufetubi
  A worm (D:2)
  3 dart slugs
  34 orcs
  10 ball pythons
  3 endoplasms
  3 giant cockroaches (D:1)
  11 hobgoblins
  4 jackals (D:3)
  4 quokkas
  7 bats
  7 goblins
  11 kobolds
  2 rats
229 creatures vanquished.

Vanquished Creatures (collateral kills)
  An adder (D:2)
  A rat (D:2)
2 creatures vanquished.

Grand Total: 231 creatures vanquished

Table legend:
 A = Non-vault XP
 B = Vault XP
 C = Vault XP percentage of total XP
 D = Non-vault monster count
 E = Vault monster count
 F = Vault count percentage of total count
                 A         B        C        D         E       F
            +---------+---------+-------+---------+---------+-------
      Total |    8914 |    1756 |  16.5 |     206 |      25 |  10.8
            +---------+---------+-------+---------+---------+-------
        D:1 |      23 |       6 |  20.7 |      13 |       4 |  23.5
        D:2 |      38 |      65 |  63.1 |      19 |       8 |  29.6
        D:3 |     110 |       0 |   0.0 |      25 |       0 |   0.0
        D:4 |     474 |       8 |   1.7 |      24 |       1 |   4.0
        D:5 |     626 |     104 |  14.2 |      15 |       4 |  21.1
        D:6 |    1200 |       0 |   0.0 |      19 |       0 |   0.0
        D:7 |    2379 |       0 |   0.0 |      36 |       0 |   0.0
        D:8 |    1174 |     798 |  40.5 |      25 |       4 |  13.8
        D:9 |    2345 |     775 |  24.8 |      24 |       4 |  14.3
       D:10 |     545 |       0 |   0.0 |       6 |       0 |   0.0
            +---------+---------+-------+---------+---------+-------

Skill      XL: |  1  2  3  4  5  6  7  8  9 10 |
---------------+-------------------------------+-----
Maces & Flails | 2 3 4 6 |  6.1
Fighting       | 3 4 5 6 7 |  7.9
Armour         | 4 5 6 7 9 10 | 10.4
Shields        | 4 5 6 7 8 |  8.7
Polearms       | 1 3 4 |  4.0
Evocations     | 1 3 |  3.0
Invocations    | 2 4 |  4.5

Action                     |  1- 3 |  4- 6 |  7- 9 | 10-12 || total
---------------------------+-------+-------+-------+-------++-------
  Melee: Flail             |   104 |   190 |     9 |       ||   303
         Tailslap          |    10 |    18 |    36 |    28 ||    92
         Kick              |       |     8 |    70 |    69 ||   147
         Headbutt          |       |     8 |    59 |    43 ||   110
         Bite              |       |     3 |    16 |    13 ||    32
         Spear             |       |       |   147 |       ||   147
         Dire flail        |       |       |   119 |    85 ||   204
         Morningstar       |       |       |       |   124 ||   124
  Evoke: Wand              |       |       |       |     4 ||     4
    Use: Scroll            |     8 |     2 |     3 |     1 ||    14
         Potion            |       |     7 |     4 |     2 ||    13
   Stab: Invisible         |       |       |     1 |       ||     1
 Armour: Scale mail        |    50 |    83 |    85 |   112 ||   330
         Skin              |       |    57 |       |       ||    57
  Dodge: Dodged            |    29 |    37 |   114 |    93 ||   273
  Block: Buckler           |    66 |    96 |    65 |       ||   227
         Reflection        |     2 |     1 |     4 |    14 ||    21
         Other             |       |       |    42 |    32 ||    74
         Kite shield       |       |       |       |   162 ||   162

Illustrated notes

Table legend:
 A = Kills in this place as a percentage of kills in the entire game.
 B = Kills by you in this place as a percentage of kills by you in the entire game.
 C = Kills by friends in this place as a percentage of kills by friends in the entire game.
 D = Other kills in this place as a percentage of other kills in the entire game.
 E = Experience gained in this place as a percentage of experience gained in the entire game.
 F = Experience gained in this place divided by the number of levels of this place that you have seen.
                   A       B       C       D       E      F
               +-------+-------+-------+-------+-------+----------------------
         Total | 100.0 | 100.0 | 100.0 |   N/A | 100.0 | 889.2
       Dungeon | 100.0 | 100.0 | 100.0 |   N/A | 100.0 | 1067.0
               +-------+-------+-------+-------+-------+----------------------

Table legend: (Time is in decaauts)
 A = Elapsed time spent in this place.
 B = Non-inter-level travel time spent in this place.
 C = Inter-level travel time spent in this place.
 D = Time resting spent in this place.
 E = Time spent auto-exploring this place.
 F = Levels seen in this place.
 G = Mean time per level.
                   A        B        C        D        E       F      G
               +--------+--------+--------+--------+--------+-----+--------+
         Total |  10793 |  10569 |    224 |   2161 |   6641 |  12 |  899.4 |
       Dungeon |  10680 |  10472 |    208 |   2161 |   6638 |  10 | 1068.0 |
        Temple |     39 |     23 |     16 |      0 |      3 |   1 |   39.0 |
         Abyss |     72 |     72 |      0 |      0 |      0 |   1 |   72.0 |
               +--------+--------+--------+--------+--------+-----+--------+

Top non-repeatable levels by time:
     D:7: 2295 daAuts
     D:6: 1186 daAuts
     D:9: 1169 daAuts
     D:4: 1166 daAuts
     D:5: 1033 daAuts
     D:2: 1030 daAuts
     D:8: 1012 daAuts
     D:3: 893 daAuts
     D:1: 721 daAuts
    D:10: 171 daAuts
 Abyss:2: 72 daAuts
  Temple: 39 daAuts
